 Dungeon Crawl Stone Soup version 0.31.0-12-g77e489cdc1 (webtiles) character file.

Game seed: 13661179300036155297

9212 Gadfly the Fighter (level 11, -9/123 HPs)
             Began as an Oni Berserker on Feb 23, 2024.
             Was a High Priest of Trog.
             Mangled by a two-headed ogre
             ... wielding a +0 giant club
              (20 damage)
             ... on level 10 of the Dungeon.
             The game lasted 00:14:50 (11200 turns).

Gadfly the Fighter (Oni Berserker)                 Turns: 11200, Time: 00:14:51

Health: -9/123     AC: 11    Str: 31    XL:     11   Next: 43%
Magic:  20/20      EV: 10    Int: 13    God:    Trog [*****.]
Gold:   1006       SH:  0    Dex: 10    Spells: 10/10 levels left

rFire   + . .        b - +2 flail (drain)
rCold   + . .        (no shield)
rNeg    . . .        w - +0 steam dragon scales
rPois   +            (helmet restricted)
rElec   .            u - scarf {rC+ rF+}
rCorr   .            (gloves unavailable)
SInv    .            (boots unavailable)
Will    +....        (no amulet)
Stlth   +            i - ring of the Mutiny {rPois rF- MP+9 AC+4 Int+7}
HPRegen 0.40/turn    z - +6 ring of strength
MPRegen 0.17/turn

%: no passive effects
@: studying Fighting
A: large, unfitting armour, horns 1, tough skin 1, double potion healing,
drunken brawling, talons 1, dopey 1, fire resistance 1
a: Renounce Religion, Berserk, Trog's Hand, Brothers in Arms


You were on level 10 of the Dungeon.
You worshipped Trog.
Trog was extremely pleased with you.
You visited 2 branches of the dungeon, and saw 11 of its levels.
You also visited: Ossuary and Bailey.

You collected 1096 gold pieces.
You spent 90 gold pieces at shops.

Inventory:

Hand Weapons
 a - a +1 whip of electrocution
 b - a +2 flail of draining (weapon)
 v - a +2 whip of freezing
 y - a +0 flail of venom
 A - a +2 flail
 C - a +1 great mace of flaming
Armour
 u - a scarf of resistance (worn)
 w - +0 steam dragon scales (worn)
Jewellery
 i - the ring of the Mutiny (left hand) {rPois rF- MP+9 AC+4 Int+7}
   (You found it on level 3 of the Dungeon)

   [ring of protection]

   AC+4:      It affects your AC (+4).
   Int+7:     It affects your intelligence (+7).
   rF-:       It makes you vulnerable to fire.
   rPois:     It protects you from poison MP+9: It affects your magic capacity
   (+9).
 q - a ring of fire
 z - a +6 ring of strength (right hand)
Wands
 g - a wand of digging (7)
 x - a wand of quicksilver (8) (quivered)
 D - a wand of polymorph (6)
 E - a wand of flame (12)
Scrolls
 e - 2 scrolls of identify
 j - a scroll of fear
 k - 3 scrolls of fog
 l - 4 scrolls of teleportation
 n - 2 scrolls of poison
 p - 2 scrolls of vulnerability
 r - 2 scrolls of enchant weapon
 F - a scroll of brand weapon
Potions
 c - 8 potions of curing
 d - 3 potions of brilliance
 f - 2 potions of heal wounds
 h - 3 potions of enlightenment
 m - 4 potions of lignification
 o - 2 potions of might
 s - 2 potions of mutation
 t - 2 potions of berserk rage
 B - a potion of resistance


   Skills:
 + Level 12.0 Fighting
 * Level 9.9 Maces & Flails
 * Level 8.7 Armour
 - Level 2.6 Dodging
 * Level 8.0 Evocations


You had 10 spell levels left.
You didn't know any spells.
Your spell library was empty.

Dungeon Overview and Level Annotations

Branches:
Dungeon (10/15)            Temple (1/1) D:4            Lair (0/5) D:9
Ossuary (visited)          Bailey (visited)
    Orc: D:9-12

Altars:
Ashenzari
Cheibriados
Dithmenos
Elyvilon
Fedhas
Gozag
Hepliaklqana
Kikubaaqudgha
Makhleb
Nemelex Xobeh
Okawaru
Qazlal
Ru
Sif Muna
Trog
Uskayaw
Vehumet
Wu Jian
Xom
Yredelemnul
Zin
The Shining One

Shops:
D:2 [   D:5 *[   D:8 *

Portals:
Abyss: D:8

Annotations:
D:8 2 transporters, Astinus's ghost, novice VSEn


Innate Abilities, Weirdness & Mutations

You are too large for most types of armour.
You have a pair of small horns on your head.
You have tough skin. (AC +1)
You gain doubled healing and magic from potions.
Whenever you drink a healing potion, you attack all around you.
You have sharp toenails.
You are dopey. (Int -2)
Your flesh is heat resistant. (rF+)


Message History

You are too injured to fight recklessly!
You are too injured to fight recklessly!
You are too injured to fight recklessly!
You are too injured to fight recklessly!
You are too injured to fight recklessly!
You are too injured to fight recklessly!
Unknown command.
You hit the two-headed ogre. You drain the two-headed ogre.
Your headbutt misses the two-headed ogre.
The two-headed ogre is moderately wounded.
The gnoll hits you but does no damage.
The two-headed ogre hits you with a +0 giant club.
The two-headed ogre barely misses you.
You hit the two-headed ogre. Your kick misses the two-headed ogre.
You headbutt the two-headed ogre, but do no damage.
The two-headed ogre is moderately wounded.
The gnoll is no longer moving quickly.
The gnoll hits you but does no damage.
You closely miss the two-headed ogre.
You claw the two-headed ogre, but do no damage.
You headbutt the two-headed ogre.
The two-headed ogre is heavily wounded.
The two-headed ogre hits you with a +0 giant club! x2
* * * LOW HITPOINT WARNING * * *
The gnoll hits you but does no damage.
You sock the two-headed ogre! You drain the two-headed ogre.
Your kick misses the two-headed ogre.
The two-headed ogre is severely wounded.
You barely miss the two-headed ogre.
You headbutt the two-headed ogre, but do no damage.
The two-headed ogre is severely wounded.
The gnoll hits you but does no damage.
The two-headed ogre hits you with a +0 giant club!
* * * LOW HITPOINT WARNING * * *
The two-headed ogre barely misses you.
You barely miss the two-headed ogre.
The two-headed ogre is severely wounded.
The gnoll hits you from afar with a +0 spear!
* * * LOW HITPOINT WARNING * * *
The two-headed ogre hits you with a +0 giant club!!
You die...

***+********* #########
*.......,,,,*
#.......#####
*.......,,,,*
#.......'...#
*.......,,,,* #
#..?....###.#
*.......,,,,* # #.......#
#.####.......,,,,*
###.......#
#....#.......,,,,*
..'.......#
####.#g......,,,,*
###.......#
#@Oc......>,,,* ###'#####
###.......,,,,* #.##
*##'####***** #.^### *,#
##...# **+*****
#####.###### *,,,,,,*
#..........##***,,,,,,*
####............,**,,,,,,*
..............##,**,,,,,,*


You could see a two-headed ogre (drained), a centaur and a gnoll.

Vanquished Creatures
  A hydra (D:9)
  Pikel (D:6)
  An ugly thing (D:9)
  An elephant (D:9)
  A kobold demonologist (D:9)
  2 trolls (D:10)
  2 wyverns
  A basilisk (shapeshifter) (D:9)
  5 yaks (D:9)
  A basilisk (D:9)
  4 steam dragons
  2 water moccasins
  2 acid dragons
  4 orc warriors
  2 sky beasts (D:6)
  5 wolves (Bailey)
  2 black bears
  A centaur (D:10)
  A lemure (D:6)
  Blork the orc (D:6)
  2 bullfrogs (D:8)
  4 kobold brigands
  9 gnoll sergeants
  3 scorpions
  3 wights (D:8)
  A bombardier beetle (D:4)
  8 howler monkeys
  6 hounds
  11 gnoll boudas
  A jelly (D:7)
  Crazy Yiuf (D:6)
  5 orc priests
  3 sleepcaps
  An iguana (D:5)
  3 orc wizards
  8 mummies (Ossuary)
  37 gnolls
  6 adders
  2 white imps
  2 dart slugs
  4 ribbon worms (D:2)
  31 orcs
  10 ball pythons
  11 bats
  9 endoplasms
  3 giant cockroaches
  A gnoll zombie (Ossuary)
  5 goblins
  7 hobgoblins
  9 jackals
  25 kobolds
  2 quokkas
  6 frilled lizards
  3 hobgoblin zombies (Ossuary)
  A kobold zombie (Ossuary)
  3 orc zombies (Ossuary)
  9 rats
295 creatures vanquished.

Notes
Turn   | Place    | Note
-------+----------+-------------------------------------------
     0 | D:1      | Gadfly the Oni Berserker began the quest for the Orb.
     0 | D:1      | Reached XP level 1. HP: 24/24 MP: 1/1
    72 | D:1      | Reached XP level 2. HP: 26/32 MP: 2/2
   204 | D:1      | Reached skill level 1 in Armour
   266 | D:1      | Found a faded altar of an unknown god.
   274 | D:1      | Reached skill level 1 in Evocations
   406 | D:1      | Reached XP level 3. HP: 39/39 MP: 3/3
   493 | D:1      | Reached ** piety under Trog
  1160 | D:2      | Reached XP level 4. HP: 33/48 MP: 4/4
  1276 | D:2      | Found a radiant altar of Vehumet.
  1310 | D:2      | Found Seomnenkua's Antique Armour Shop.
  1904 | D:3      | Reached XP level 5. HP: 51/54 MP: 5/5
  1981 | D:3      | Identified the ring of the Mutiny {rPois rF- MP+9 AC+4
                  | Int+7}
  2075 | D:3      | Reached *** piety under Trog
  2803 | D:4      | Found a staircase to the Ecumenical Temple.
  2975 | Temple   | Entered the Ecumenical Temple
  3129 | D:4      | Gained mutation: You are dopey. (Int -2) [potion of
                  | mutation]
  3129 | D:4      | Gained mutation: You have sharp toenails. [potion of
                  | mutation]
  3129 | D:4      | Gained mutation: Your flesh is heat resistant. (rF+)
                  | [potion of mutation]
  3180 | D:5      | Entered Level 5 of the Dungeon
  3184 | D:5      | Noticed a black bear
  3189 | D:5      | Killed a black bear
  3190 | D:5      | Reached XP level 6. HP: 62/62 MP: 6/6
  3272 | D:5      | Found Geiss's General Store.
  3365 | D:5      | Noticed a water moccasin
  3376 | D:5      | Killed a water moccasin
  3377 | D:5      | Reached XP level 7. HP: 33/71 MP: 7/7
  3540 | D:5      | Bought a scroll of enchant weapon for 90 gold pieces
  3868 | D:5      | Found Olis's Armour Boutique.
  3868 | D:5      | Noticed an animated shadow dragon scales
  3870 | D:5      | Noticed an animated storm dragon scales
  3880 | D:5      | Reached skill level 5 in Maces & Flails
  4105 | D:5      | Identified a scroll of acquirement
  4106 | D:5      | Acquired a manual of Fighting
  4245 | D:6      | Found a sand-covered staircase.
  4250 | Ossuary  | Entered an ossuary
  4298 | Ossuary  | Reached **** piety under Trog
  4299 | Ossuary  | Reached skill level 5 in Fighting
  4472 | Ossuary  | Reached XP level 8. HP: 69/80 MP: 8/8
  4717 | D:6      | Reached skill level 6 in Fighting
  4936 | D:6      | Noticed Pikel
  4947 | D:6      | Killed Pikel
  4948 | D:6      | Reached skill level 7 in Fighting
  4948 | D:6      | Reached skill level 5 in Armour
  4948 | D:6      | Reached skill level 5 in Evocations
  4948 | D:6      | Reached XP level 9. HP: 71/93 MP: 9/9
  5157 | D:6      | Noticed Blork the orc
  5163 | D:6      | Killed Blork the orc
  5315 | D:6      | Reached skill level 8 in Fighting
  5503 | D:6      | Found a runed translucent door.
  5504 | D:6      | Noticed Crazy Yiuf
  5650 | D:6      | Killed Crazy Yiuf
  6590 | D:8      | Found an ornate altar of the Wu Jian Council.
  6713 | D:8      | Found a hide-covered altar of Uskayaw.
  6736 | D:8      | Found a basalt altar of Yredelemnul.
  6756 | D:8      | Found a transporter.
  6759 | D:8      | Noticed Astinus's ghost (novice VSEn)
  6760 | D:8      | Found a one-way gate to the infinite horrors of the Abyss.
  6800 | D:8      | Reached skill level 9 in Fighting
  7218 | D:8      | Reached XP level 10. HP: 75/107 MP: 10/10
  7497 | D:8      | Found Suxkues's General Store.
  7542 | D:8      | Found a transporter.
  7656 | D:8      | Reached ***** piety under Trog
  7849 | D:8      | Noticed an entropy weaver
  7851 | D:8      | an entropy weaver changed into a cane toad
  7851 | D:8      | Noticed a cane toad (shapeshifter)
  7992 | D:9      | Noticed a kobold demonologist
  8000 | D:9      | Killed a kobold demonologist
  8246 | D:9      | Reached skill level 10 in Fighting
  8273 | D:9      | Found a staircase to the Lair.
  8273 | D:9      | Noticed an elephant
  8316 | D:9      | Killed an elephant
  8510 | D:9      | Noticed a purple ugly thing
  8511 | D:9      | Noticed a six-headed hydra
  8529 | D:9      | Found a sacrificial altar of Ru.
  8827 | D:9      | Killed a purple ugly thing
  8969 | D:9      | Reached skill level 11 in Fighting
  9293 | D:9      | Killed a six-headed hydra
  9294 | D:9      | Reached XP level 11. HP: 115/120 MP: 11/11
  9316 | D:10     | Entered Level 10 of the Dungeon
  9374 | D:10     | Found a flagged portal.
  9383 | Bailey   | Entered a bailey
 10133 | Bailey   | HP: 1/123 [gnoll bouda/+0 halberd (10)]
 10145 | Bailey   | Received a gift from Trog
 10501 | Bailey   | Identified the staff of Charity {rPois rF+ rC+ Dex+4 Fire
                  | Air}
 11054 | D:10     | Reached skill level 12 in Fighting
 11184 | D:10     | Noticed a two-headed ogre
 11200 | D:10     | Mangled by a two-headed ogre

Illustrated notes

Levels and vault maps discovered:
D:1:      lemuel_arrival_room, layout_loops_cross, shapermc_ecumenical_altar_gd
D:2:      layout_basic, serial_shops, shop, basic_altar
D:3:      layout_rooms
D:4:      layout_basic, minmay_temple_entry_proselytizer, moated_statue
D:5:      layout_cave_pools, serial_shops, nicolae_shop_mannequins, shop
D:6:      layout_cave_pools, enter_ossuary_2, uniq_crazy_yiuf_cottage,
          uniq_pikel, uniq_blork_the_orc
D:7:      layout_basic, nicolae_tricolors
D:8:      layout_basic, mainiacjoe_overflow_catwalk_spiral, old_standard_altar,
          gammafunk_ghost_abyssal_escape, serial_shops, shop,
          grunt_ministairs_11
D:9:      layout_irregular_city, mainiacjoe_overflow_boulevard,
          david_lair_generic, grunt_tough_drop
D:10:     layout_roguey, enter_bailey_8
Temple:   hc_temple_tempest_star

Skill      XL: |  1  2  3  4  5  6  7  8  9 10 11 |
---------------+----------------------------------+-----
Armour         | 1 2 3 4 5 6 8 |  8.7
Evocations     | 1 2 3 4 5 6 7 8 |  8.0
Maces & Flails | 4 5 6 7 9 |  9.9
Fighting       | 5 7 9 11 12 | 12.0
Dodging        | |  2.6

Action                     |  1- 3 |  4- 6 |  7- 9 | 10-12 || total
---------------------------+-------+-------+-------+-------++-------
  Melee: Mace              |    32 |       |       |       ||    32
         Whip              |    54 |   184 |   375 |   335 ||   948
         Headbutt          |    13 |    30 |    79 |    83 ||   205
         Punch             |     1 |     1 |     5 |     6 ||    13
         Kick              |       |     8 |   108 |    96 ||   212
         Flail             |       |       |       |    32 ||    32
 Invoke: Trog's Hand       |       |       |     1 |     1 ||     2
         Berserk           |       |       |       |     1 ||     1
         Brothers in Arms  |       |       |       |     1 ||     1
  Evoke: Wand              |       |       |       |     3 ||     3
    Use: Scroll            |     6 |     5 |     9 |     2 ||    22
         Potion            |     1 |     4 |     4 |     3 ||    12
 Armour: Animal skin       |    47 |   113 |   124 |       ||   284
         Steam dragon scal |       |       |   166 |   403 ||   569
  Dodge: Dodged            |    41 |   124 |   196 |   202 ||   563
